 Dungeon Crawl Stone Soup version 0.24-a0-441-g27f0392e16 (webtiles) character file.

Game seed: 13774003280828502053

347 gruber the Digger (level 6, -4/32 HPs)
             Began as a Gargoyle Earth Elementalist on June 19, 2019.
             Was a Follower of Vehumet.
             Slain by Duvessa
             ... wielding a +0 rapier
              (11 damage)
             ... on level 4 of the Dungeon.
             The game lasted 00:05:41 (3321 turns).

gruber the Digger (Gargoyle Earth Elementalist)     Turns: 3321, Time: 00:05:42

Health: -4/32      AC:  7    Str: 11    XL:     6   Next: 59%
Magic:  6/12       EV: 13    Int: 18    God:    Vehumet [*.....]
Gold:   159        SH:  0    Dex: 10    Spells: 9/13 levels left

rFire    . . .     SeeInvis .   k - +0 mace
rCold    . . .     Gourm    .   (no shield)
rNeg     + . .     Faith    .   c - +0 robe
rPois    ∞         Spirit   .   l - +0 helmet (curse)
rElec    +         Reflect  .   u - scarf {repulsion}
rCorr    .         Harm     .   (no gloves)
MR       +....                  (no boots)
Stlth    ++........             (no amulet)
HPRegen  0.10/turn              a - +1 ring of evasion
MPRegen  0.13/turn              z - ring of protection from magic

@: repel missiles
A: negative energy resistance 1, electricity resistance, unbreathing,
petrification resistance, rot immunity, AC +4
a: Renounce Religion


You were on level 4 of the Dungeon.
You worshipped Vehumet.
Vehumet was aware of your devotion.
You were hungry.

You visited 1 branch of the dungeon, and saw 4 of its levels.

You collected 159 gold pieces.

Inventory:

Hand Weapons
 k - a +0 mace (weapon)
Missiles
 m - 17 poisoned darts
 v - 27 stones (quivered)
Armour
 c - a +0 robe (worn)
 l - a cursed +0 helmet (worn)
 u - a scarf of repulsion (worn)
Jewellery
 a - a +1 ring of evasion (left hand)
 z - a ring of protection from magic (right hand)
Wands
 y - a wand of paralysis (7)
Scrolls
 e - 3 scrolls of remove curse {unknown}
 g - 3 scrolls of teleportation {unknown}
 i - a scroll of fog {unknown}
 n - 3 scrolls of identify {unknown}
 p - a scroll of amnesia {unknown}
 r - a scroll of magic mapping {unknown}
Potions
 b - a potion of magic {unknown}
 f - 3 potions of curing
 h - 2 potions of heal wounds {unknown}
 j - a potion of lignification {unknown}
 o - a potion of haste {unknown}
 q - a potion of degeneration {unknown}
 s - a potion of invisibility {unknown}
 t - 2 potions of berserk rage {unknown}
 w - a potion of mutation {unknown}
 A - a potion of flight {unknown}
Comestibles
 d - 4 rations
 x - 5 chunks of flesh


   Skills:
 * Level 1.1 Maces & Flails
 - Level 1.5 Dodging
 - Level 2.1 Stealth
 - Level 4.0 Spellcasting
   Level 0.7 Transmutations
 - Level 7.0 Earth Magic


You had 9 spell levels left.
You knew the following spells:

 Your Spells              Type           Power        Failure   Level  Hunger
a - Sandblast             Erth           ####..       1%          1    None
b - Stone Arrow           Conj/Erth      ###...       11%         3    ###....

Your spell library contained the following spells:

 Spells                   Type           Power        Failure   Level  Hunger
 Shock                    Conj/Air       #...         14%         1    None
 Passwall                 Tmut/Erth      ###.....     4%          2    ##.....
 Lee's Rapid Deconstruct  Erth           ####......   22%         5    ######.
 Petrify                  Tmut/Erth      ###.....     30%         4    ####...


Dungeon Overview and Level Annotations

Branches:
Dungeon (4/15)
 Temple: D:4-7

Altars:
Dithmenos
Okawaru
Vehumet
Yredelemnul
The Shining One

Annotations:
D:4 Dowan, Duvessa, Edmund


Innate Abilities, Weirdness & Mutations

You are resistant to torment.
Your stone body is resilient. (AC +4)
You are immune to poison.
You resist negative energy. (rN+)
You are resistant to electric shocks. (rElec)
You can survive without breathing.
You are immune to petrification.
You are immune to rotting.


Message History

Aiming: Sandblast (safe; 1% risk of failure)
Press: ? - help, Shift-Dir - straight line, f/p - Duvessa
Aim: Duvessa, wielding a +0 rapier and wearing a +0 chain mail (fast)
The blast of sand misses Duvessa.
v - 28 stones Duvessa hits you but does no damage.
Dowan closely misses you.
Casting: Sandblast (safe; 1% risk of failure)
Confirm with . or Enter, or press ? or * to list all spells.
Aiming: Sandblast (safe; 1% risk of failure)
Press: ? - help, Shift-Dir - straight line, f/p - Duvessa
Aim: Duvessa, wielding a +0 rapier and wearing a +0 chain mail (fast)
The blast of sand hits Duvessa!
Duvessa is moderately wounded.
v - 27 stones Duvessa hits you with a +0 rapier.
Dowan points at you and mumbles some strange words.
The puff of flame hits you.
* * * LOW HITPOINT WARNING * * *
Duvessa hits you with a +0 rapier!
You die...

#...
....>####..##
#... #........##
#... ###..###..#
#...# #..# ##..
#....#### ###.##
##.
#...†...####...#
##
#..##...........#
# #...#########
#e@## ##e# ##.##
.. #...###### #..
#.$....... #..
#.....##### #...
.......## ....
..####...# ....
##.##


You could see Duvessa and Dowan.

Vanquished Creatures
  A bullfrog (D:2)
  Crazy Yiuf (D:3)
  Ijyb (D:3)
  Jessica (D:3)
  Terence (D:2)
  An orc wizard (D:3)
  Robin (D:4)
  5 adders
  2 worms (D:3)
  A dart slug (D:1)
  3 leopard geckos
  4 orcs (D:3)
  2 ball pythons
  4 giant cockroaches
  12 goblins
  12 hobgoblins
  A quokka (D:3)
  6 bats
  7 frilled lizards
  8 kobolds
  5 rats
79 creatures vanquished.

Notes
Turn   | Place    | Note
-------+----------+-------------------------------------------
     0 | D:1      | gruber the Gargoyle Earth Elementalist began the quest for
                  | the Orb.
     0 | D:1      | Reached XP level 1. HP: 10/10 MP: 3/3
    71 | D:1      | Reached skill level 4 in Earth Magic
   185 | D:1      | Reached XP level 2. HP: 15/15 MP: 1/5
   292 | D:1      | Found an iron altar of Okawaru.
   784 | D:1      | Reached XP level 3. HP: 19/19 MP: 4/6
   845 | D:1      | Reached skill level 5 in Earth Magic
   991 | D:2      | Noticed Terence
  1093 | D:2      | Noticed a bullfrog
  1099 | D:2      | Killed a bullfrog
  1099 | D:2      | Reached skill level 6 in Earth Magic
  1099 | D:2      | Reached XP level 4. HP: 9/24 MP: 3/7
  1251 | D:2      | Found an iron altar of Okawaru.
  1254 | D:2      | Found a radiant altar of Vehumet.
  1254 | D:2      | Found a basalt altar of Yredelemnul.
  1281 | D:2      | Became a worshipper of Vehumet
  1311 | D:2      | Learned a level 3 spell: Stone Arrow
  1571 | D:2      | Killed Terence
  1571 | D:2      | Reached XP level 5. HP: 14/28 MP: 6/8
  1631 | D:2      | Found a shadowy altar of Dithmenos.
  1750 | D:2      | Reached skill level 7 in Earth Magic
  2704 | D:3      | Noticed Jessica
  2709 | D:3      | Killed Jessica
  2709 | D:3      | Reached XP level 6. HP: 32/32 MP: 7/10
  2811 | D:3      | Noticed Ijyb
  2813 | D:3      | Reached * piety under Vehumet
  2813 | D:3      | Offered knowledge of Shock by Vehumet.
  2817 | D:3      | Killed Ijyb
  2985 | D:3      | Found a runed translucent door.
  2986 | D:3      | Noticed Crazy Yiuf
  3030 | D:3      | Killed Crazy Yiuf
  3050 | D:4      | Noticed Edmund
  3155 | D:4      | Found a glowing golden altar of the Shining One.
  3192 | D:4      | Noticed Robin
  3248 | D:4      | Killed Robin
  3302 | D:4      | Reached skill level 1 in Maces & Flails
  3309 | D:4      | Noticed Duvessa
  3311 | D:4      | Noticed Dowan
  3321 | D:4      | Slain by Duvessa

Levels and vault maps discovered:
D:1:      moated_graveyard_arrival, layout_loops_corners, corner_web_ring,
          okawaru_ov_weapons_minmay
D:2:      layout_basic, grunt_temple_overflow_open,
          nicolae_dithmenos_shadow_blocks, uniq_terence
D:3:      layout_loops_ring, first_ration, serial_park_tiny_1,
          nicolae_underground_beach, uniq_ijyb, uniq_jessica,
          uniq_crazy_yiuf_cottage
D:4:      layout_layer_cave, nemelex_xobeh_ov_fountains_minmay,
          lemuel_altar_in_water, uniq_robin, uniq_edmund, uniq_duvessa

Skill      XL: |  1  2  3  4  5  6 |
---------------+-------------------+-----
Earth Magic    | 4 6 7 |  7.0
Spellcasting   | 3 4 |  4.0
Maces & Flails | 1 |  1.1
Dodging        | |  1.5
Stealth        | |  2.1
Transmutations | |  0.7

Action                   |  1- 3 |  4- 6 || total
-------------------------+-------+-------++-------
Melee: Mace              |    10 |   108 ||   118
       Unarmed           |     4 |       ||     4
Throw: Dart              |       |     9 ||     9
 Cast: Sandblast         |    34 |    47 ||    81
 Stab: Sleeping          |       |     2 ||     2
  Eat: Chunk             |     1 |     7 ||     8
Armor: Robe              |    12 |    53 ||    65
Dodge: Dodged            |    22 |   108 ||   130
       Deflected         |       |     2 ||     2

Table legend:
 A = Non-vault XP
 B = Vault XP
 C = Vault XP percentage of total XP
 D = Non-vault monster count
 E = Vault monster count
 F = Vault count percentage of total count
                 A         B        C        D         E       F
            +---------+---------+-------+---------+---------+-------
      Total |     309 |     187 |  37.7 |      65 |      14 |  17.7
            +---------+---------+-------+---------+---------+-------
        D:1 |      38 |       0 |   0.0 |      23 |       0 |   0.0
        D:2 |     146 |      36 |  19.8 |      15 |       1 |   6.2
        D:3 |      95 |     120 |  55.8 |      24 |       3 |  11.1
        D:4 |      30 |      31 |  50.8 |       3 |      10 |  76.9
            +---------+---------+-------+---------+---------+-------
